 Dungeon Crawl Stone Soup version 0.30-a0-177-g1cb5dbfd7a (webtiles) character file.

Game seed: 4626200067557618926

76 themarg the Insei (level 4, -3/34 HPs)
             Began as a Gnoll Transmuter on Oct 3, 2022.
             Killed by divine providence
             ... invoked by an orc priest
              (12 damage)
             ... on level 3 of the Dungeon.
             The game lasted 00:08:17 (1745 turns).

themarg the Insei (Gnoll Transmuter)                Turns: 1745, Time: 00:08:17

Health: -3/34      AC:  3    Str:  9    XL:     4   Next: 32%
Magic:  10/11      EV: 13    Int: 15    God:
Gold:   60         SH:  0    Dex: 12    Spells: 7/13 levels left

rFire   . . .      SeeInvis .    c - +0 dagger
rCold   . . .      Faith    .    (no shield)
rNeg    . . .      Spirit   .    a - +0 robe
rPois   .          Reflect  .    (no helmet)
rElec   .          Harm     .    k - +0 cloak
rCorr   .          Rampage  .    (no gloves)
Will    .....                    (no boots)
Stlth   ++........               (no amulet)
HPRegen 0.25/turn                (no ring)
MPRegen 0.12/turn                (no ring)

@: no status effects
A: fangs 1, strong nose, distributed training
a: no special abilities


You were on level 3 of the Dungeon.
You visited 1 branch of the dungeon, and saw 3 of its levels.

You collected 60 gold pieces.

Inventory:

Hand Weapons
 c - a +0 dagger (weapon)
Missiles
 m - 3 atropa-tipped darts
Armour
 a - a +0 robe (worn)
 k - a +0 cloak (worn)
 n - the +1 leather armour "Hestuqont" {+Blink Fly rF- Dex+2}
   (You found it on level 2 of the Dungeon)

   Dex:       It affects your dexterity (+2).
   rF:        It makes you vulnerable to fire.
   Fly:       It grants you flight.
   +Blink:    It lets you blink.
Scrolls
 d - 3 scrolls of teleportation {unknown}
 f - a scroll of poison {unknown}
 g - 2 scrolls of enchant weapon {unknown}
 i - a scroll of blinking {unknown}
 j - 2 scrolls of amnesia {unknown}
 l - 2 scrolls of immolation {unknown}
Potions
 b - a potion of lignification
 e - 2 potions of flight {unknown}
 h - a potion of curing {unknown}


   Skills:
 + Level 2.7 Fighting
 + Level 1.1 Short Blades
 + Level 1.1 Long Blades
 + Level 1.1 Axes
 + Level 1.1 Maces & Flails
 + Level 1.1 Polearms
 + Level 1.1 Staves
 + Level 1.1 Ranged Weapons
 + Level 1.1 Throwing
 + Level 1.1 Armour
 + Level 4.6 Dodging
 + Level 1.1 Stealth
 + Level 1.1 Shields
 + Level 6.6 Unarmed Combat
 + Level 5.1 Spellcasting
 + Level 0.9 Conjurations
 + Level 0.9 Hexes
 + Level 0.9 Summonings
 + Level 0.9 Necromancy
 + Level 0.9 Translocations
 + Level 3.8 Transmutations
 + Level 0.9 Fire Magic
 + Level 0.9 Ice Magic
 + Level 0.9 Air Magic
 + Level 0.9 Earth Magic
 + Level 0.9 Poison Magic
 + Level 1.2 Invocations
 + Level 1.1 Evocations


You had 7 spell levels left.
You knew the following spells:

 Your Spells              Type           Power      Damage    Failure   Level
a - Beastly Appendage     Tmut           30%        N/A       3%          1
b - Wereblood             Tmut           15%        N/A       4%          2
c - Spider Form           Tmut/Pois      11%        N/A       19%         3

Your spell library contained the following spells:

 Spells                   Type           Power      Damage    Failure   Level
 Ice Form                 Ice/Tmut       11%        N/A       52%         4
 Passage of Golubria      Tloc           6%         N/A       73%         4
 Silence                  Hex/Air        3%         N/A       97%         5
 Lehudib's Crystal Spear  Conj/Erth      3%         10d2      100%        8


Dungeon Overview and Level Annotations

Branches:
Dungeon (3/15)

Altars:


Innate Abilities, Weirdness & Mutations

You have very sharp teeth.
Your uncanny sense of smell can sniff out nearby items.
Your experience applies equally to all skills.


Message History

The orc hits you with a +0 mace.
You hit the orc.
The orc looks as sick as possible!
The orc is severely wounded.
The orc barely misses you.
You barely miss the orc.
The orc is almost dead.
You kill the orc!
The orc priest looks braver for a moment.
You hit the orc.
The orc is lightly wounded.
Your transformation is almost over.
The orc closely misses you.
The orc priest invokes the aid of Beogh against you.
Beogh smites you!
You hear a shout!
You barely miss the orc.
The orc is lightly wounded.
The orc hits you with a +0 flail!
* * * LOW HITPOINT WARNING * * *
You bite the orc!
You kill the orc!
An orc comes into view. It is wielding a +0 short sword.
The orc shouts!
The orc priest misses you.
Items here: )) [[ ††.
You barely miss the orc priest. You barely miss the orc priest.
The orc priest invokes the aid of Beogh against you.
You barely resist. The orc completely misses you.
The orc priest attacks as you move away!
The orc priest completely misses you.
The orc priest attacks as you move away!
The orc priest misses you.
There is a stone staircase leading up here.
Your transformation has ended.
Your +0 dagger unmelds from your body.
Your +0 cloak unmelds from your body.
Your +0 robe unmelds from your body.
The orc priest calls down the wrath of Beogh upon you.
Beogh smites you!
You die...

#. #.....#.. ... #
#.. #..#...# #..
..##). #...#..#[.#.
#.....##....###o..#.
.......))..#...#$..#
####...#.#.....#..#
###o#........#
#o#.#..†..#..#
#@#..#...#...#
#.#...###...#.
#.#..# [.#. #.#.#.
#.. #.#... ... #...
.. #.# #..


You could see an orc priest and an orc.

Vanquished Creatures
  2 adders (D:2)
  2 dart slugs
  3 orcs (D:3)
  4 ball pythons
  3 endoplasms
  4 giant cockroaches
  7 goblins
  4 hobgoblins
  3 jackals (D:2)
  5 kobolds
  2 quokkas
  A bat (D:1)
  A frilled lizard (D:3)
  5 rats
46 creatures vanquished.

Notes
Turn   | Place    | Note
-------+----------+-------------------------------------------
     0 | D:1      | themarg the Gnoll Transmuter began the quest for the Orb.
     0 | D:1      | Reached XP level 1. HP: 17/17 MP: 6/6
   165 | D:1      | Reached XP level 2. HP: 21/23 MP: 5/7
   168 | D:1      | Learned a level 2 spell: Wereblood
   560 | D:1      | Found a faded altar of an unknown god.
   634 | D:1      | Reached skill level 5 in Spellcasting
   634 | D:1      | Reached XP level 3. HP: 28/28 MP: 6/9
   989 | D:2      | Learned a level 3 spell: Spider Form
  1077 | D:2      | Reached skill level 1 in Invocations
  1168 | D:2      | Reached skill level 1 in Short Blades
  1168 | D:2      | Reached skill level 1 in Long Blades
  1168 | D:2      | Reached skill level 1 in Axes
  1168 | D:2      | Reached skill level 1 in Maces & Flails
  1168 | D:2      | Reached skill level 1 in Polearms
  1168 | D:2      | Reached skill level 1 in Staves
  1168 | D:2      | Reached skill level 1 in Ranged Weapons
  1168 | D:2      | Reached skill level 1 in Throwing
  1168 | D:2      | Reached skill level 1 in Armour
  1168 | D:2      | Reached skill level 1 in Stealth
  1168 | D:2      | Reached skill level 1 in Shields
  1168 | D:2      | Reached skill level 1 in Evocations
  1408 | D:2      | Reached XP level 4. HP: 34/34 MP: 1/11
  1495 | D:2      | Identified the +1 leather armour "Hestuqont" {+Blink Fly
                  | rF- Dex+2}
  1745 | D:3      | Killed from afar by an orc priest

Illustrated notes

Levels and vault maps discovered:
D:1:      minmay_arrival_checkered_box, layout_loops_ring,
          nicolae_ecumenical_snake_handling, minmay_misc_feat_ornament
D:2:      layout_basic
D:3:      layout_loops_ring, minmay_splitting_lines

Skill      XL: |  1  2  3 |
---------------+----------+-----
Spellcasting   | 5 |  5.1
Invocations    | 1 |  1.2
Short Blades   | 1 |  1.1
Long Blades    | 1 |  1.1
Axes           | 1 |  1.1
Maces & Flails | 1 |  1.1
Polearms       | 1 |  1.1
Staves         | 1 |  1.1
Ranged Weapons | 1 |  1.1
Throwing       | 1 |  1.1
Armour         | 1 |  1.1
Stealth        | 1 |  1.1
Shields        | 1 |  1.1
Evocations     | 1 |  1.1
Fighting       | |  2.7
Dodging        | |  4.6
Unarmed Combat | |  6.6
Conjurations   | |  0.9
Hexes          | |  0.9
Summonings     | |  0.9
Necromancy     | |  0.9
Translocations | |  0.9
Transmutations | |  3.8
Fire Magic     | |  0.9
Ice Magic      | |  0.9
Air Magic      | |  0.9
Earth Magic    | |  0.9
Poison Magic   | |  0.9

Action                   |  1- 3 |  4- 6 || total
-------------------------+-------+-------++-------
Melee: Unarmed           |    20 |    17 ||    37
       Kick              |    21 |       ||    21
       Dagger            |    96 |     2 ||    98
       Bite              |     8 |       ||     8
       Headbutt          |    14 |     1 ||    15
       Punch             |     2 |       ||     2
 Cast: Beastly Appendage |    24 |     2 ||    26
       Wereblood         |     2 |       ||     2
       Spider Form       |     1 |     1 ||     2
 Stab: Sleeping          |     2 |       ||     2
Armor: Robe              |    13 |     1 ||    14
Dodge: Dodged            |    76 |    11 ||    87

Table legend: (Time is in decaauts)
 A = Elapsed time spent in this place.
 B = Non-inter-level travel time spent in this place.
 C = Inter-level travel time spent in this place.
 D = Time resting spent in this place.
 E = Time spent auto-exploring this place.
 F = Levels seen in this place.
 G = Mean time per level.
                   A        B        C        D        E       F      G
               +--------+--------+--------+--------+--------+-----+--------+
         Total |   1736 |   1701 |     35 |    212 |   1151 |   3 |  578.7 |
       Dungeon |   1736 |   1701 |     35 |    212 |   1151 |   3 |  578.7 |
               +--------+--------+--------+--------+--------+-----+--------+

Top non-repeatable levels by time:
     D:1: 931 daAuts
     D:2: 765 daAuts
     D:3: 40 daAuts
